 Dungeon Crawl Stone Soup version 0.20.1-1-g8b1a95d (webtiles) character file.

616 Mimshu the Covered (level 7, -1/60 HPs)
             Began as a Minotaur Fighter on Nov 30, 2017.
             Was an Initiate of Makhleb.
             Killed from afar by Blork the orc (7 damage)
             ... with a puff of flame
             ... on level 5 of the Dungeon.
             The game lasted 00:13:53 (3696 turns).

Mimshu the Covered (Minotaur Fighter)               Turns: 3696, Time: 00:13:54

Health: -1/60      AC: 15    Str: 20    XL:     7   Next: 21%
Magic:  6/6        EV:  6    Int:  5    God:    Makhleb [......]
Gold:   98         SH: 10    Dex: 17    Spells: 6/6 levels left

rFire    . . .     SeeInvis .   z - +0 falchion
rCold    . . .     Gourm    .   c - +0 shield
rNeg     . . .     Faith    .   D - +3 chain mail of Rielaaje {Dex+5}
rPois    .         Spirit   .   (helmet restricted)
rElec    .         Reflect  .   (no cloak)
rCorr    .         Harm     .   (no gloves)
MR       .....                  u - +1 pair of boots {Fly}
Stlth    ..........             (no amulet)
Regen    0.2/turn               C - ring of flight
MPRegen  0.1/turn               (no ring)

@: flying
A: retaliatory headbutt, horns 2
a: Renounce Religion, Stop Flying


You were on level 5 of the Dungeon.
You worshipped Makhleb.
Makhleb was noncommittal.
You were not hungry.

You visited 2 branches of the dungeon, and saw 6 of its levels.

You collected 98 gold pieces.

Inventory:

Hand Weapons
 a - a +0 rapier
 z - a +0 falchion (weapon)
Missiles
 y - 2 javelins (quivered)
Armour
 b - a +0 scale mail
 c - a +0 shield (worn)
 t - a +0 buckler
 u - a +1 pair of boots of flying (worn)
 D - the +3 chain mail of Rielaaje (worn) {Dex+5}
   (You found it on level 4 of the Dungeon)

   It affects your dexterity (+5).
Jewellery
 C - a ring of flight (left hand)
Scrolls
 e - 2 scrolls of magic mapping {unknown}
 g - a scroll of enchant armour {unknown}
 j - 2 scrolls of teleportation
 n - 3 scrolls of enchant weapon {unknown}
 o - a scroll of fear {unknown}
 v - 5 scrolls of remove curse {unknown}
 w - 3 scrolls of identify
 x - 2 scrolls of amnesia {unknown}
 A - a scroll of immolation {unknown}
Potions
 d - 2 potions of might
 h - a potion of magic {unknown}
 i - a potion of haste
 k - a potion of invisibility {unknown}
 l - a potion of agility {unknown}
 m - a potion of degeneration {unknown}
 p - a potion of mutation {unknown}
 r - 2 potions of heal wounds {unknown}
 B - a potion of flight {unknown}
Comestibles
 f - 3 bread rations
 q - 2 royal jellies
 s - 3 meat rations
 E - 2 chunks of flesh


   Skills:
 + Level 4.7 Fighting
 - Level 3.8(4.5) Short Blades
 * Level 3.9(4.8) Long Blades
 + Level 5.9 Armour
 + Level 1.0 Dodging
 + Level 0.6 Stealth
 + Level 5.7 Shields


You had 6 spell levels left.
You didn't know any spells.

Dungeon Overview and Level Annotations

Branches:
Dungeon (5/15)             Temple (1/1) D:4

Altars:
Ashenzari
Cheibriados
Fedhas
Hepliaklqana
Makhleb
Nemelex Xobeh
Qazlal
Uskayaw
The Shining One

Annotations:
D:5 Blork the orc


Innate Abilities, Weirdness & Mutations

You reflexively headbutt those who attack you in melee.
You have a pair of horns on your head.


Message History

* * * LOW HITPOINT WARNING * * *
Something hits you but does no damage. Something hits you but does no damage.
You block something's attack.
A magic dart appears from out of thin air!
The magic dart hits you!
* * * LOW HITPOINT WARNING * * *
Blork the orc appears from thin air!
Reactivating autopickup.
There is an open door here.
Things that are here:
a mace; a glowing leather armour Blork the orc points at you and mumbles some strange words.
The puff of frost hits you!
* * * LOW HITPOINT WARNING * * *
Blork the orc points at you and mumbles some strange words.
The magic dart hits you!
Blork the orc gestures at you while chanting.
The puff of flame hits you!
You die...

### #######.........#
..#####....##(........#
#.#...#.##.##...#######
######.#.#.#.##.###.##
.......#.#.#.##....>#
... #.....#'###########
... #.#.##.............
...###.#.o'..)..........
...'...####..)..@.......
...###...##....(........
... #.#.###############
... #.#o### ... #.#...#
### ##'#+#.# #......#
#......# #.....##


You could see Blork the orc.

Vanquished Creatures
  A centaur (D:5)
  A big kobold (D:3)
  A crimson imp (D:5)
  A bullfrog skeleton (D:4)
  An orc priest (D:3)
  3 orc wizards (D:5)
  7 worker ants
  2 adders
  2 oozes
  An adder zombie (D:4)
  A worm (D:2)
  6 dart slugs
  A leopard gecko (D:2)
  9 orcs
  A ball python (D:4)
  2 giant cockroaches (D:3)
  3 goblins
  9 hobgoblins
  4 jackals (D:2)
  3 kobolds
  3 quokkas
  9 bats
  6 frilled lizards
  A quokka skeleton (D:4)
  7 rats
  A butterfly (D:4)
86 creatures vanquished.

Notes
Turn   | Place    | Note
-------+----------+-------------------------------------------
     0 | D:1      | Mimshu the Minotaur Fighter began the quest for the Orb.
     0 | D:1      | Reached XP level 1. HP: 19/19 MP: 0/0
   269 | D:1      | Reached XP level 2. HP: 27/27 MP: 1/1
   643 | D:2      | Found a blossoming altar of Fedhas.
   678 | D:2      | Reached XP level 3. HP: 26/33 MP: 2/2
  1243 | D:3      | Reached XP level 4. HP: 41/41 MP: 3/3
  1261 | D:3      | Noticed a big kobold
  1276 | D:3      | Killed a big kobold
  1276 | D:3      | Reached XP level 5. HP: 47/47 MP: 4/4
  1904 | D:4      | Reached skill level 1 in Long Blades
  1923 | D:4      | Reached skill level 5 in Shields
  1929 | D:4      | Found a staircase to the Ecumenical Temple.
  1945 | Temple   | Entered the Ecumenical Temple
  1958 | Temple   | Became a worshipper of Makhleb the Destroyer
  2123 | D:4      | Reached XP level 6. HP: 53/53 MP: 5/5
  2793 | D:4      | Got an amber-studded chain mail
  2795 | D:4      | Identified the +3 chain mail of Rielaaje {Dex+5} (You found it on level 4 of the Dungeon)
  3373 | D:5      | Entered Level 5 of the Dungeon
  3377 | D:5      | Reached skill level 5 in Armour
  3387 | D:5      | Reached XP level 7. HP: 34/60 MP: 6/6
  3572 | D:5      | Reached skill level 1 in Dodging
  3632 | D:5      | Noticed Blork the orc
  3675 | D:5      | HP: 3/60 [something/magic dart (2)]
  3696 | D:5      | Killed from afar by Blork the orc

Skill      XL: |  1  2  3  4  5  6  7 |
---------------+----------------------+-----
Shields        | 4 5 |  5.7
Armour         | 4 5 |  5.9
Fighting       | 4 |  4.7
Short Blades   | 3 |  3.8
Long Blades    | 2 3 |  3.9
Dodging        | 1 |  1.0
Stealth        | |  0.6

Action                   |  1- 3 |  4- 6 |  7- 9 || total
-------------------------+-------+-------+-------++-------
Melee: Rapier            |    91 |    21 |       ||   112
       Headbutt          |    16 |    24 |    13 ||    53
       Falchion          |       |    76 |    33 ||   109
Throw: Javelin           |       |     1 |       ||     1
  Use: Scroll            |     2 |     2 |       ||     4
  Eat: Chunk             |     1 |     4 |       ||     5
       Bread ration      |       |     1 |       ||     1
Armor: Scale mail        |    44 |    34 |       ||    78
       Chain mail        |       |    18 |    27 ||    45
Dodge: Dodged            |    21 |    26 |     5 ||    52
Block: Shield            |    35 |    40 |    19 ||    94
       Rpst.: Falchion   |       |     4 |     1 ||     5
